 Dungeon Crawl Stone Soup version 0.30.0-29-ga12c61a403 (webtiles) character file.

Game seed: 12686918684980837131

2651 Nicoed the Cleaver (level 9, -5/71 HPs)
             Began as a Minotaur Fighter on June 12, 2023.
             Was an Initiate of Okawaru.
             Killed from afar by an electric eel (10 damage)
             ... with a bolt of electricity
             ... on level 7 of the Dungeon.
             The game lasted 00:07:04 (5627 turns).

Nicoed the Cleaver (Minotaur Fighter)               Turns: 5627, Time: 00:07:04

Health: -5/71      AC: 12    Str: 38    XL:     9   Next: 36%
Magic:  9/9        EV:  8    Int:  5    God:    Okawaru [......]
Gold:   381        SH:  0    Dex:  9    Spells: 8/8 levels left

rFire   . . .        f - +2 hand axe (venom)
rCold   . . .        c - +0 buckler
rNeg    . . .        A - +0 plate armour
rPois   .            (helmet restricted)
rElec   .            z - +0 cloak
rCorr   .            (no gloves)
SInv    .            (no boots)
Will    .....        o - amulet of regeneration Stlth
                     v - +6 ring of strength
HPRegen 1.11/turn    i - +6 ring of strength
MPRegen 0.11/turn

%: no passive effects
@: confused, ambrosia-drunk
A: horns 2, retaliatory headbutt
a: Renounce Religion


You were on level 7 of the Dungeon.
You worshipped Okawaru.
Okawaru was noncommittal.
You visited 2 branches of the dungeon, and saw 8 of its levels.
You also visited: Sewer.

You collected 469 gold pieces.
You spent 88 gold pieces at shops.

Inventory:

Hand Weapons
 f - a +2 hand axe of venom (weapon)
Missiles
 I - a throwing net (quivered)
Armour
 c - a +0 buckler (worn)
 z - a +0 cloak (worn)
 A - a +0 plate armour (worn)
 E - a scarf of repulsion
Jewellery
 b - a ring of flight
 h - a ring of willpower
 i - a +6 ring of strength (right hand)
 o - an amulet of regeneration (around neck)
 t - a ring of protection from fire
 u - a ring of magical power
 v - a +6 ring of strength (left hand)
 B - a ring of fire
Wands
 k - a wand of roots (16)
 D - a wand of digging (5)
Scrolls
 a - 2 scrolls of vulnerability {unknown}
 d - 3 scrolls of immolation {unknown}
 e - 3 scrolls of enchant armour {unknown}
 g - a scroll of fear {unknown}
 l - 4 scrolls of identify {unknown}
 m - a scroll of enchant weapon {unknown}
 p - 3 scrolls of fog {unknown}
 s - 2 scrolls of magic mapping {unknown}
 y - 9 scrolls of teleportation
 G - a scroll of noise {unknown}
 H - a scroll of summoning {unknown}
 K - a scroll of brand weapon {unknown}
Potions
 j - 6 potions of flight
 n - 4 potions of degeneration
 q - 3 potions of haste
 r - a potion of brilliance
 x - 2 potions of curing
 C - a potion of berserk rage {unknown}
 F - a potion of heal wounds
 J - a potion of attraction {unknown}


   Skills:
 - Level 4.0 Fighting
 + Level 14.7 Axes
 - Level 4.0 Armour
 - Level 4.0 Shields
 + Level 1.7 Invocations


You had 8 spell levels left.
You didn't know any spells.
Your spell library contained the following spells:

 Spells                   Type           Power      Damage    Failure   Level
 Freeze                   Ice            0%         1d3       98%         1
 Magic Dart               Conj           0%         1d3       98%         1
 Shock                    Conj/Air       0%         1d3       98%         1
 Frozen Ramparts          Ice            0%         1d1       100%        3
 Hailstorm                Conj/Ice       0%         3d3       100%        3
 Mephitic Cloud           Conj/Pois/Air  0%         N/A       100%        3
 Swiftness                Air            0%         N/A       100%        3
 Vhi's Electric Charge    Tloc/Air       0%         N/A       100%        3
 Airstrike                Air            0%         2d(0-16)  100%        4
 Arcjolt                  Conj/Air       0%         1d10      100%        5
 Maxwell's Capacitive Co  Air            0%         ∞         100%        8
 Call Imp                 Summ           Unusable   N/A       N/A         2

Dungeon Overview and Level Annotations

Branches:
Dungeon (7/15)             Temple (1/1) D:7           Sewer (visited)

Altars:
Cheibriados
Dithmenos
Elyvilon
Fedhas
Hepliaklqana
Kikubaaqudgha
Makhleb
Nemelex Xobeh
Okawaru
Qazlal
Ru
Sif Muna
Trog
Uskayaw
Vehumet
Xom
Yredelemnul
Zin
The Shining One

Shops:
D:2 *


Innate Abilities, Weirdness & Mutations

You have a pair of horns on your head.
You reflexively headbutt those who attack you in melee.


Message History

An electric eel is nearby!
No reachable target in view!
An electric eel is nearby!
No reachable target in view!
An electric eel is nearby!
No reachable target in view!
Unknown command.
No reachable target in view!
The electric eel shoots out a bolt of lightning at you!
The bolt of electricity hits you!
An electric eel comes into view.
The electric eel shoots out a bolt of lightning at you!
The bolt of electricity hits you!
The electric eel shoots out a bolt of lightning at you!
The bolt of electricity hits you!
The electric eel shoots out a bolt of lightning at you!
The bolt of electricity hits you.
The electric eel shoots out a bolt of lightning at you!
The bolt of electricity hits you!
The electric eel shoots out a bolt of lightning at you!
The bolt of electricity hits you!
The electric eel shoots out a bolt of lightning at you!
The bolt of electricity hits you!
* * * LOW HITPOINT WARNING * * *
The electric eel shoots out a bolt of lightning at you!
The bolt of electricity misses you.
It was a potion of ambrosia.
You are confused.
You feel invigorated.
The electric eel shoots out a bolt of lightning at you!
The bolt of electricity hits you!
* * * LOW HITPOINT WARNING * * *
The electric eel shoots out a bolt of lightning at you!
The bolt of electricity hits you!
* * * LOW HITPOINT WARNING * * *
Unknown command.
You nearly stumble into some deep water!
The electric eel shoots out a bolt of lightning at you!
The bolt of electricity hits you!
You die...

#.≈.#...≈≈≈.# ≈.##......
#.≈.#.≈≈._≈.#.≈.##......
#.≈.#.≈...≈.#.S .......
#.≈.#...#.≈.# .......
#.≈.#_.##.≈.# .....#
#.≈.###[..≈.# ....
#.≈....≈≈≈≈.# ..
#.≈≈≈≈≈.....# ≈
#.....@######.≈
.#######.......≈
........≈S≈≈≈≈≈≈
######..........
#.......$.. ###########


You could see 2 electric eels.

Vanquished Creatures
  Sigmund (D:5)
  Eustachio (D:5)
  The ghost of Henri the Slasher, an amateur DrRe (D:4)
  A steam dragon (D:6)
  Menkaure (D:4)
  An orc warrior (D:7)
  2 black bears (D:6)
  An ogre (D:6)
  A centaur (D:5)
  A phantom (D:4)
  4 bullfrogs
  2 scorpions (D:4)
  2 howler monkeys (D:7)
  A jelly (D:7)
  3 orc priests
  Crazy Yiuf (D:5)
  4 hounds
  An iron imp (D:5)
  2 sleepcaps
  Jessica (D:2)
  Terence (D:2)
  6 iguanas
  3 orc wizards
  A malarious merfolk avatar (Sewer)
  A sickly merfolk siren (Sewer)
  4 gnolls (D:3)
  A river rat (Sewer)
  9 adders
  2 shadow imps
  3 white imps
  3 ufetubi
  4 worms
  2 dart slugs
  23 orcs
  5 endoplasms
  3 giant cockroaches
  6 hobgoblins
  7 kobolds
  6 quokkas
  10 ball pythons
  4 bats
  4 frilled lizards
  5 goblins
  29 rats
174 creatures vanquished.

Notes
Turn   | Place    | Note
-------+----------+-------------------------------------------
     0 | D:1      | Nicoed the Minotaur Fighter began the quest for the Orb.
     0 | D:1      | Reached XP level 1. HP: 19/19 MP: 0/0
   248 | D:1      | Reached XP level 2. HP: 27/27 MP: 1/1
   692 | D:2      | Noticed Terence
   700 | D:2      | Killed Terence
   701 | D:2      | Reached skill level 3 in Axes
   701 | D:2      | Reached XP level 3. HP: 21/33 MP: 2/2
   800 | D:2      | Found Gacuexou's Assorted Antiques.
   800 | D:2      | Noticed Jessica
   807 | D:2      | Killed Jessica
   808 | D:2      | Reached skill level 4 in Axes
   808 | D:2      | Reached XP level 4. HP: 37/40 MP: 3/3
   848 | D:2      | Bought a scroll labelled LOS JUIBELOENI for 22 gold pieces
   848 | D:2      | Bought a scroll labelled LOS JUIBELOENI for 22 gold pieces
   899 | D:2      | You fall into a shaft and drop 1 floor!
  1047 | D:3      | Reached skill level 5 in Axes
  1146 | D:3      | Reached XP level 5. HP: 27/46 MP: 4/4
  1502 | D:3      | Reached skill level 6 in Axes
  1744 | D:4      | Noticed Menkaure
  1752 | D:4      | Killed Menkaure
  1753 | D:4      | Reached skill level 7 in Axes
  1753 | D:4      | Reached XP level 6. HP: 25/52 MP: 5/5
  1887 | D:4      | Found a hide-covered altar of Uskayaw.
  1889 | D:4      | Found a shimmering altar of Xom.
  1889 | D:4      | Found a burning altar of Makhleb.
  1891 | D:4      | Found an ancient bone altar of Kikubaaqudgha.
  1891 | D:4      | Found a shimmering altar of Xom.
  1891 | D:4      | Found a radiant altar of Vehumet.
  2079 | D:4      | Reached skill level 8 in Axes
  2103 | D:4      | Found a large runed translucent door.
  2103 | D:4      | Found a large runed translucent door.
  2105 | D:4      | Noticed Henri's ghost (amateur DrRe)
  2141 | D:4      | Reached skill level 9 in Axes
  2141 | D:4      | Reached XP level 7. HP: 49/59 MP: 6/6
  2320 | D:4      | Killed Henri's ghost
  2412 | D:2      | Bought a scroll labelled MOHUH FOXZUTI for 22 gold pieces
  2412 | D:2      | Bought a scroll labelled ZIL MUQIBLUSI for 22 gold pieces
  2595 | D:2      | Reached skill level 10 in Axes
  2982 | D:5      | Entered Level 5 of the Dungeon
  3198 | D:5      | Found a runed translucent door.
  3199 | D:5      | Noticed Crazy Yiuf
  3205 | D:5      | Killed Crazy Yiuf
  3265 | D:5      | Found a glowing drain.
  3274 | Sewer    | Entered a sewer
  3468 | Sewer    | Reached XP level 8. HP: 66/66 MP: 7/7
  3656 | D:5      | Found a snail-covered altar of Cheibriados.
  3663 | D:5      | Reached skill level 11 in Axes
  3744 | D:5      | Noticed Eustachio
  3752 | D:5      | Killed Eustachio
  3753 | D:5      | Reached skill level 12 in Axes
  3819 | D:5      | Noticed Sigmund
  3833 | D:5      | Killed Sigmund
  4129 | D:6      | Reached skill level 13 in Axes
  4312 | D:6      | Found a white marble altar of Elyvilon.
  4323 | D:6      | Found a blossoming altar of Fedhas.
  4456 | D:6      | Reached XP level 9. HP: 46/71 MP: 8/8
  4614 | D:6      | Reached skill level 14 in Axes
  4976 | D:7      | Found a hide-covered altar of Uskayaw.
  5166 | D:7      | Found a staircase to the Ecumenical Temple.
  5176 | Temple   | Entered the Ecumenical Temple
  5275 | Temple   | Became a worshipper of Warmaster Okawaru
  5503 | D:7      | Reached skill level 1 in Invocations
  5595 | D:7      | Found an ancient bone altar of Kikubaaqudgha.
  5598 | D:7      | Found a shimmering blue altar of Sif Muna.
  5626 | D:7      | HP: 1/71 [electric eel/bolt of electricity (8)]
  5627 | D:7      | Killed from afar by an electric eel

Illustrated notes

Levels and vault maps discovered:
D:1:      sevenhm_arrival_forest_fort_large_4, layout_basic
D:2:      minmay_door_path, layout_rooms, serial_shops, shop,
          minmay_tiny_reverse_x, uniq_jessica, uniq_terence
D:3:      layout_basic, minmay_misc_feat_diagonals
D:4:      layout_rooms, doesnt_xom_only_xom, ebering_ghost_disaster_area,
          kennysheep_generic_room_7, uniq_menkaure
D:5:      layout_gridville, slow_altar_1, portal_sewer_entry_a,
          grunt_decor_mini_mirrors, minmay_tree_intersection, item_on_display_a,
          uniq_crazy_yiuf_cottage, uniq_sigmund, uniq_eustachio
D:6:      layout_gridville, amethyst_overflow_temple_binary,
          hangedman_decor_lopped, minmay_fractal_squares_gapless_5
D:7:      layout_basic, overflow_temple_1_default, nicolae_overflow_squiral,
          minmay_temple_entry_junction, minmay_misc_feat_ornament,
          chequers_arboretum
Temple:   nicolae_temple_godzebo

Skill      XL: |  1  2  3  4  5  6  7  8  9 |
---------------+----------------------------+-----
Fighting       | 4 |  4.0
Axes           | 3 4 5 7 9 10 13 14 | 14.7
Armour         | 4 |  4.0
Shields        | 4 |  4.0
Invocations    | 1 |  1.7

Action                     |  1- 3 |  4- 6 |  7- 9 || total
---------------------------+-------+-------+-------++-------
  Melee: Hand axe          |    30 |    66 |   251 ||   347
         War axe           |     8 |       |       ||     8
         Headbutt          |     4 |     6 |    40 ||    50
    Use: Potion            |       |       |     8 ||     8
 Armour: Scale mail        |     7 |    29 |     6 ||    42
         Plate armour      |       |       |    89 ||    89
         Chain mail        |       |       |     1 ||     1
  Dodge: Dodged            |    16 |    35 |    65 ||   116
  Block: Buckler           |     6 |     7 |    30 ||    43
